 Dungeon Crawl Stone Soup version 0.23-a0-582-g1b4a0ca (webtiles) character file.

27 MisterFreud the Slasher (level 3, 0/26 HPs)
             Began as an Octopode Fighter on Dec 16, 2018.
             Slain by a goblin
             ... wielding a +0 club
              (5 damage)
             ... on level 2 of the Dungeon.
             The game lasted 00:01:30 (724 turns).

MisterFreud the Slasher (Octopode Fighter)           Turns: 724, Time: 00:01:30

Health: 0/26       AC:  1    Str: 15    XL:     3   Next: 10%
Magic:  3/3        EV: 11    Int: 11    God:
Gold:   61         SH:  8    Dex: 11    Spells: 2/2 levels left

rFire    . . .     SeeInvis .   a - +0 long sword
rCold    . . .     Gourm    .   b - +0 shield
rNeg     . . .     Faith    .   (helmet restricted)
rPois    .         Spirit   .   (no amulet)
rElec    .         Reflect  .   (no ring)
rCorr    .         Harm     .   (no ring)
MR       .....                  (no ring)
Stlth    ++........             (no ring)
HPRegen  0.08/turn              (no ring)
MPRegen  0.08/turn              (no ring)
                                (no ring)
                                (no ring)

@: slowed, very slow
A: almost no armour, stealthy swim, amphibious, 8 rings, constrict 8, camouflage
1, gelatinous body 1
a: no special abilities


You were on level 2 of the Dungeon.
You were not hungry.

You visited 1 branch of the dungeon, and saw 2 of its levels.

You collected 61 gold pieces.

Inventory:

Hand Weapons
 a - a +0 long sword (weapon)
Missiles
 i - 28 stones (quivered)
 k - 17 arrows
Armour
 b - a +0 shield (worn)
Scrolls
 e - a scroll of blinking {unknown}
 g - a scroll of amnesia {unknown}
 h - a scroll of remove curse {unknown}
 j - 3 scrolls of identify {unknown}
Potions
 c - a potion of might
 l - a potion of curing {unknown}
Comestibles
 d - 4 rations
 f - 8 chunks of flesh


   Skills:
 - Level 3.0 Fighting
 * Level 3.5 Long Blades
 - Level 3.0 Dodging
 - Level 3.0 Shields


You had 2 spell levels left.
You didn't know any spells.
Your spell library was empty.

Dungeon Overview and Level Annotations

Branches:
Dungeon (2/15)

Altars:

Annotations:
D:2 Natasha


Innate Abilities, Weirdness & Mutations

You cannot wear most types of armour.
You are very stealthy in the water. (Stealth+)
You are amphibious.
You can wear up to eight rings at the same time.
You can use your tentacles to constrict eight enemies at once.
Your skin changes colour to match your surroundings (Stealth+).
Your rubbery body absorbs attacks. (AC +1, EV +1)


Message History

The magic dart hits you!
A goblin comes into view. It is wielding a +0 club.
The goblin hits you with a +0 dagger.
* * * LOW HITPOINT WARNING * * *
Unknown command.
The goblin shouts! x2
You hit Natasha. Your squeeze misses Natasha.
Natasha is severely wounded.
You constrict Natasha, but do no damage.
Natasha closely misses you. The goblin hits you with a +0 dagger.
* * * LOW HITPOINT WARNING * * *
Natasha barely misses you. The goblin barely misses you.
You release your grip on Natasha.
Natasha casts a spell.
The goblin hits you but does no damage.
The crimson imp shouts, "Despair, thou errant fool-born flap-bat!"
Natasha mumbles some strange words.
The goblin hits you but does no damage. The goblin hits you with a +0 club.
You die...

#.### #.#.# #.#.# #.#.#
#.#.# #####.#.###.#
#h.5........#
#(###g#.#####
....g.g..l#@#.#
.......h#.g.#.##########
..#########.#..........#
...###.......##########.#
.>).........##......# #.#
..#####.#.#.##.####.# #)#
#...#.......#<..# #.#
#.############### #.#
#.#.............# #.#


You could see 2 goblins.

Vanquished Creatures
  6 bats (D:1)
  3 giant cockroaches (D:1)
  5 goblins
  A frilled lizard (D:1)
  6 kobolds
  4 rats (D:1)
25 creatures vanquished.

Notes
Turn   | Place    | Note
-------+----------+-------------------------------------------
     0 | D:1      | MisterFreud the Octopode Fighter began the quest for the
                  | Orb.
     0 | D:1      | Reached XP level 1. HP: 16/16 MP: 1/1
   179 | D:1      | Reached XP level 2. HP: 21/21 MP: 2/2
   516 | D:1      | Reached XP level 3. HP: 26/26 MP: 3/3
   716 | D:2      | Noticed Natasha
   724 | D:2      | Slain by a goblin

Vault maps used:
D:1:      dpeg_arrival_chambers_temple_mockup, serial_glass, glass_columns_a,
          glass_columns_a, glass_columns_a
D:2:      cheibrodos_old_hovel, uniq_crazy_yiuf_cottage, uniq_natasha

Skill      XL: |  1  2 |
---------------+-------+-----
Long Blades    | 3 |  3.5
Fighting       | |  3.0
Dodging        | |  3.0
Shields        | |  3.0

Action                   || total
-------------------------++-------
Melee: Long sword        ||    44
       Tentacles         ||     6
       Constrict         ||     9
 Stab: Sleeping          ||     6
Armor: Skin              ||    14
Dodge: Dodged            ||    21
Block: Shield            ||    20
       Rpst.: Long sword ||     3

Table legend:
 A = Non-vault XP
 B = Vault XP
 C = Vault XP percentage of total XP
 D = Non-vault monster count
 E = Vault monster count
 F = Vault count percentage of total count
                 A         B        C        D         E       F
            +---------+---------+-------+---------+---------+-------
      Total |      39 |       0 |   0.0 |      25 |       0 |   0.0
            +---------+---------+-------+---------+---------+-------
        D:1 |      37 |       0 |   0.0 |      23 |       0 |   0.0
        D:2 |       2 |       0 |   0.0 |       2 |       0 |   0.0
            +---------+---------+-------+---------+---------+-------
